 Dungeon Crawl Stone Soup version 0.17.0-28-g6e173f8 (webtiles) character file.

1708 gorblad the Spear-Bearer (level 8, -1/67 HPs)
             Began as a Demonspawn Chaos Knight on Dec 1, 2015.
             Killed from afar by an electric eel (3 damage)
             ... with a bolt of electricity
             ... on level 7 of the Dungeon.
             The game lasted 00:26:06 (5697 turns).

gorblad the Spear-Bearer (Demonspawn Chaos Knight)  Turns: 5697, Time: 00:26:07

Health: -1/67      AC:  9    Str: 15    XL:     8   Next: 73%
Magic:  17/17      EV: 10    Int: 15    God:    Xom [*.....]
Gold:   451        SH:  0    Dex: 13    Spells: 0 memorised, 7 levels left

rFire  + . .     SeeInvis .     i - +3 spear (venom)
rCold  . . .     Clarity  .     l - +3 ring mail {rPois}
rNeg   . . .     SustAt   .     (no shield)
rPois  +         Gourm    .     (no helmet)
rElec  .         Spirit   .     (no cloak)
rCorr  .         Warding  .     (no gloves)
rMut   .         Stasis   .     G - +0 pair of boots
MR     .....                    v - amulet of regeneration
Stlth  +.........               M - ring of magical power
                                H - +2 ring of intelligence

@: drained, not resistant to hostile enchantments, very unstealthy
A: demonic guardian 1, fire resistance 1, flame cloud immunity
a: Renounce Religion


You were on level 7 of the Dungeon.
You worshipped Xom.
You were a special plaything of Xom.
You were not hungry.

You visited 1 branch of the dungeon, and saw 7 of its levels.
You also visited: Ossuary.

You collected 451 gold pieces.

Inventory:

Hand Weapons
 a - a +0 hand axe of chaos
 i - a +3 spear of venom (weapon)
 P - a +0 battleaxe
Armour
 l - a +3 ring mail of poison resistance (worn)
 G - a +0 pair of boots (worn)
Jewellery
 m - an uncursed amulet of rage
 v - an amulet of regeneration (around neck)
 H - a +2 ring of intelligence (left hand)
 M - a ring of magical power (right hand)
Wands
 w - a wand of lightning (11)
 y - a wand of fireball (9)
 F - a wand of confusion (19)
 N - a wand of paralysis (15)
Scrolls
 h - a scroll of magic mapping
 j - a scroll of blinking
 k - 2 scrolls of remove curse
 n - a scroll of amnesia
 I - a scroll of fog
 J - a scroll of teleportation
Potions
 d - a potion of ambrosia {unknown}
 e - a potion of might
 f - a potion of magic {unknown}
 p - a potion of degeneration {unknown}
 q - a potion of poison
 t - a potion of lignification
 z - a potion of mutation
 A - 2 potions of agility
 B - 2 potions of curing
 C - 2 potions of invisibility
 D - a potion of resistance
 E - 2 potions of flight
 K - 2 potions of cancellation
Comestibles
 c - 4 bread rations
 g - 4 meat rations
 o - a slice of pizza
 s - 3 fruits
 L - 2 beef jerkies


   Skills:
 + Level 7.1(6.0) Fighting
 - Level 3.6(5.2) Axes
 * Level 8.0(7.2) Polearms
 - Level 1.8(0.9) Armour
 - Level 0.8(0.0) Dodging


You had 7 spell levels left.
You didn't know any spells.

Dungeon Overview and Level Annotations

Branches:
Dungeon (7/15)
 Temple: D:4-7

Altars:
Ashenzari
Elyvilon
Gozag
Ru
Trog
Vehumet
Zin

Shops:
D:4 (   D:5 =   D:6 [

Annotations:
D:6 exclusion: oklob plant


Innate Abilities, Weirdness & Mutations

A weak demonic guardian rushes to your aid.
Your flesh is heat resistant.
You are immune to clouds of flame.


Message History

You are too injured to fight recklessly!
The electric eel shoots out a bolt of lightning at you!
The bolt of electricity hits you!
* * * LOW HITPOINT WARNING * * *
Drink which item? (? for menu, Esc to quit)
You feel better.
Drink which item? (? for menu, Esc to quit)
Okay, then.
You are too injured to fight recklessly!
The electric eel shoots out a bolt of lightning at you!
The bolt of electricity hits you!
* * * LOW HITPOINT WARNING * * *
The electric eel shoots out a bolt of lightning at you!
The bolt of electricity hits you!
* * * LOW HITPOINT WARNING * * *
You closely miss the electric eel.
The electric eel shoots out a bolt of lightning at you!
The bolt of electricity hits you!
You die... "This toy is broken."

##.##..## #...≈≈≈≈#≈
#.##...###..≈≈≈#≈≈≈≈#≈
#......##...≈#≈≈≈≈#≈≈ .
##..........≈≈≈≈#≈≈≈ ..
# #......##.≈≈≈#≈≈≈≈#≈..
# #.........≈#≈≈≈≈#≈≈≈..
####........≈≈≈≈#≈≈≈≈...
.# #......#."..≈≈;≈#≈...
.###......####..@.≈≈≈...
..###.....#.............
..###........###..5...##
...##.<.##### ##....##
...#..### ..### .....##
#..# ....## ..# ...##
#.. ..##


You could see an electric eel and a friendly quasit.

Vanquished Creatures
  2 black bears (D:6)
  3 scorpions
  4 wights (D:6)
  A crimson imp (D:6)
  A centaur zombie (D:5)
  A wasp zombie (D:5)
  A jelly (D:6)
  An orc priest (D:4)
  4 hounds
  4 orc wizards
  3 worker ants
  A hound skeleton (D:7)
  A mummy (Ossuary)
  5 gnolls (D:4)
  A worker ant zombie (D:6)
  14 adders
  3 oozes
  3 worms
  13 orcs
  A ball python (D:1)
  4 giant cockroaches
  5 gnoll skeletons (Ossuary)
  7 goblins
  7 hobgoblins
  15 jackals
  5 kobolds
  11 bats
  5 giant geckos
  7 giant newts
  3 kobold skeletons (Ossuary)
  17 orc skeletons (Ossuary)
  3 quokkas
  2 quokka skeletons
  A quokka zombie (D:6)
  19 rats
178 creatures vanquished.

Vanquished Creatures (collateral kills)
  Pikel (D:6)
  A wraith (Ossuary)
  A wight (D:6)
  A hound (D:4)
  A giant frog skeleton (D:6)
  An iguana (D:6)
  A worker ant (D:6)
  A gnoll (D:4)
  An adder skeleton (D:6)
9 creatures vanquished.

Vanquished Creatures (others)
  A shadow imp (D:6)
  An adder zombie (D:7)
  2 jackals (D:6)
4 creatures vanquished.

Grand Total: 191 creatures vanquished

Notes
Turn   | Place    | Note
--------------------------------------------------------------
     0 | D:1      | gorblad the Demonspawn Chaos Knight began the quest for the Orb.
     0 | D:1      | Reached XP level 1. HP: 18/18 MP: 1/1
   117 | D:1      | Gained mutation: Your flesh is heat resistant. [demonic ancestry]
   117 | D:1      | Reached XP level 2. HP: 24/24 MP: 2/2
   336 | D:1      | Gained mutation: A weak demonic guardian rushes to your aid. [demonic ancestry]
   336 | D:1      | Reached XP level 3. HP: 15/29 MP: 3/3
   345 | D:1      | XOM: potion effect (heal wounds)
   840 | D:2      | Reached skill level 1 in Polearms
   866 | D:2      | XOM: silly message
   946 | D:2      | Found a radiant altar of Vehumet.
  1161 | D:2      | Reached XP level 4. HP: 36/36 MP: 4/4
  1233 | D:2      | XOM: colour smoke trail
  1248 | D:2      | XOM: noise
  1345 | D:2      | Found a glowing silver altar of Zin.
  1424 | D:2      | XOM: harmless Tloc miscast
  1540 | D:2      | XOM: silly message
  1543 | D:2      | XOM: scenery: 1 doors close
  1555 | D:3      | XOM: silly message
  1582 | D:3      | XOM: cast spell 'Cause Fear'
  1946 | D:3      | Reached XP level 5. HP: 42/42 MP: 5/5
  1961 | D:3      | Reached skill level 4 in Fighting
  2092 | D:3      | XOM: harmless Hex miscast
  2241 | D:3      | Found an opulent altar of Gozag.
  2502 | D:4      | XOM: divination: detect creatures
  2510 | D:4      | XOM: divination: magic mapping
  2511 | D:4      | Gained mutation: You are immune to clouds of flame. [demonic ancestry]
  2511 | D:4      | Reached XP level 6. HP: 20/49 MP: 6/6
  2556 | D:4      | Found a sand-covered staircase.
  2560 | Ossuary  | Entered an ossuary
  2560 | Ossuary  | Noticed a wraith
  2560 | Ossuary  | Noticed a wraith
  2560 | Ossuary  | Noticed a wraith
  2954 | Ossuary  | Noticed a wraith
  2972 | Ossuary  | HP: 2/49 [wraith (1)]
  2975 | Ossuary  | XOM: potion effect (invisibility)
  2978 | Ossuary  | XOM: potion effect (might)
  2980 | Ossuary  | Killed a wraith
  3203 | D:4      | XOM: divination: detect items
  3239 | D:4      | XOM: potion effect (berserk rage)
  3243 | D:4      | Reached XP level 7. HP: 55/55 MP: 7/7
  3270 | D:4      | Found a bloodstained altar of Trog.
  3281 | D:4      | Reached skill level 5 in Fighting
  3282 | D:4      | XOM: harmless Trmt miscast
  3312 | D:4      | Reached skill level 5 in Polearms
  3344 | D:4      | XOM: divination: detect items
  3509 | D:4      | Found Fyeryfan's Weapon Shoppe.
  3587 | D:4      | Found a white marble altar of Elyvilon.
  3657 | D:4      | Found a sacrificial altar of Ru.
  3737 | D:5      | Entered Level 5 of the Dungeon
  3818 | D:5      | XOM: potion effect (brilliance)
  3898 | D:5      | XOM: harmless Fire miscast
  3936 | D:5      | Reached skill level 6 in Polearms
  4017 | D:5      | Found Xeskizal's Jewellery Emporium.
  4315 | D:6      | XOM: fog
  4318 | D:6      | Reached XP level 8. HP: 47/64 MP: 8/8
  4384 | D:6      | XOM: summons friendly iron imp
  4389 | D:6      | XOM: confusion
  4580 | D:6      | Found Peuxosk's Antique Armour Boutique.
  4629 | D:6      | XOM: mild Summ miscast
  4680 | D:6      | Found a shattered altar of Ashenzari.
  4680 | D:6      | Noticed an oklob plant
  4942 | D:6      | Noticed Pikel
  4964 | D:6      | XOM: stat loss: -1 Dex (12/13)
  4967 | D:6      | XOM: confusion
  4976 | D:6      | XOM: swap monsters
  4979 | D:6      | Killed Pikel
  4979 | D:6      | Reached skill level 7 in Polearms
  5024 | D:6      | XOM: medium Hex miscast
  5188 | D:6      | XOM: noise
  5352 | D:6      | XOM: draining
  5374 | D:6      | XOM: severe Fire miscast
  5556 | D:7      | Reached skill level 8 in Polearms
  5693 | D:7      | HP: 3/67 [electric eel/bolt of electricity (12)]
  5697 | D:7      | Killed from afar by an electric eel

Action                   |  1- 3 |  4- 6 |  7- 9 || total
-------------------------+-------+-------+-------++-------
Melee: Hand axe          |    72 |       |       ||    72
       Spear             |    49 |   247 |   284 ||   580
  Use: Scroll            |     7 |     8 |     7 ||    22
       Potion            |       |     4 |     6 ||    10
 Stab: Sleeping          |     1 |       |       ||     1
       Petrifying        |     1 |       |       ||     1
       Distracted        |       |       |     1 ||     1
  Eat: Chunk             |     1 |     5 |     8 ||    14
       Pizza             |       |     1 |       ||     1
       Fruit             |       |       |     3 ||     3
